 Dungeon Crawl Stone Soup version 0.14-a0-1576-gf4c5cb9 (webtiles) character file.

223 Mitsuki the Shooter (level 4, -6/35 HPs)
             Began as a Centaur Hunter on Dec 21, 2013.
             Killed by divine providence
             ... invoked by an orc priest
              (17 damage)
             ... on Level 3 of the Dungeon.
             The game lasted 00:11:30 (1509 turns).

Mitsuki the Shooter (Centaur Hunter)                Turns: 1509, Time: 00:11:30

HP  -6/35        AC  4     Str 14      XL: 4   Next: 55%
MP   3/3         EV  9     Int  7 (10) God:
Gold 117         SH  0     Dex 11      Spells:  0 memorised,  3 levels left

rFire  . . .     SeeInvis .     a - +1 bow (curse)
rCold  . . .     Clarity  .     n - +0 robe (curse)
rNeg   . . .     Conserve .     (no shield)
rPois  .         rCorr    .     (no helmet)
rElec  .         rRot     .     (no cloak)
SustAb . .       Spirit   .     (no gloves)
rMut   .         Warding  .     (no barding)
Saprov . . .     Stasis   .     (no amulet)
                                (no ring)
                                (no ring)

@: exhausted, slowed, slightly resistant to hostile enchantments, very
unstealthy
A: hooves 3, deformed body, herbivore 1, speed 2, fast metabolism 1, tough skin
3
a: no special abilities


You were on level 3 of the Dungeon.
You were full.

You visited 1 branch of the dungeon, and saw 3 of its levels.

You collected 117 gold pieces.

Inventory:

Hand weapons
 a - a cursed +1,+1 bow (weapon)
 b - a +0,+1 dwarven mace
Missiles
 c - 25 arrows (quivered)
Armour
 g - a +4 dwarven ring mail
 n - a cursed +0 robe (worn)
Comestibles
 f - 7 bread rations
 j - an apricot
 m - a slice of pizza
 p - a meat ration
Scrolls
 d - 3 scrolls of teleportation
 h - 4 scrolls of identify
 i - 2 scrolls of magic mapping
Potions
 e - a potion of restore abilities


   Skills:
 - Level 1.1 Fighting
 + Level 7.5 Bows
 + Level 1.0 Armour
 - Level 1.3 Dodging
 - Level 0.5 Stealth


You had 3 spell levels left.
You didn't know any spells.

Dungeon Overview and Level Annotations

Branches:
Dungeon (3/16)

Altars:


Innate Abilities, Weirdness & Mutations

You have hooves in place of feet.
Armour fits poorly on your strangely shaped body.
You digest meat inefficiently.
You cover ground very quickly.
You have a fast metabolism.
You have extremely tough skin (AC +3).


Message History

You shoot an arrow. The arrow hits the orc.
You kill the orc!
The orc throws a tomahawk.
The tomahawk misses you.
The orc throws a tomahawk.
The tomahawk hits you!
Firing (i - inventory):
c - 27 arrows (quivered)
Press: ? - help, Shift-Dir - straight line, f - orc
Aim: an orc, wielding an orcish club You shoot an arrow.
The arrow misses the orc.
The arrow hits the orc.
The orc is almost dead.
The orc priest invokes the aid of Beogh against you.
Something smites you!
Firing (i - inventory):
c - 26 arrows (quivered)
Press: ? - help, Shift-Dir - straight line, f/p - orc
Aim: an orc, wielding an orcish club You shoot an arrow.
The arrow hits the orc.
The orc is heavily wounded.
The orc hits you with an orcish club.
The orc priest calls down the wrath of Beogh upon you.
Something smites you!
You die...

...... ...[. ..... ######
......> ###### # ...
####################.....#
..........(.....@ooSo....#
..##..........############
..##...)......##
.................
..############### ###


You could see an orc priest, an adder and 2 orcs.

Vanquished Creatures
  Terence (D:2)
  4 adders
  A giant mite (D:2)
  A worm (D:3)
  2 giant geckos (D:2)
  An ooze (D:2)
  2 orcs (D:3)
  6 bats
  A giant cockroach (D:3)
  6 hobgoblins
  A jackal (D:2)
  4 kobolds
  2 quokkas
  2 giant newts (D:1)
  4 goblins
  13 rats
51 creatures vanquished.

Notes
Turn   | Place    | Note
--------------------------------------------------------------
     0 | D:1      | Mitsuki, the Centaur Hunter, began the quest for the Orb.
     0 | D:1      | Reached XP level 1. HP: 16/16 MP: 1/1
   166 | D:1      | Reached XP level 2. HP: 15/23 MP: 2/2
   333 | D:1      | Reached skill level 6 in Bows
   660 | D:2      | Reached XP level 3. HP: 24/28 MP: 3/3
   964 | D:2      | Noticed Terence
   987 | D:2      | Killed Terence
   987 | D:2      | Reached skill level 7 in Bows
   987 | D:2      | Reached XP level 4. HP: 35/35 MP: 3/3
  1281 | D:3      | Reached skill level 1 in Armour
  1509 | D:3      | Killed from afar by an orc priest

Action                   |  1- 3 |  4- 6 || total
-------------------------+-------+-------++-------
Melee: Mace              |    17 |       ||    17
       Dagger            |    65 |       ||    65
 Fire: Bow               |    27 |    38 ||    65
  Use: Scroll            |     6 |     5 ||    11
       Potion            |     1 |     4 ||     5
